[Event "Late-Titled-Tuesday-Blitz-February-20-2024"]
[Site "Chess.com"]
[Date "2024.02.20"]
[Round "9"]
[White "Cristi_Coca"]
[Black "Felix-Rose"]
[Result "1-0"]
[WhiteElo "2379"]
[BlackElo "2262"]
[TimeControl "180+1"]
[EndTime "15:44:22 PST"]
[Termination "Cristi_Coca won on time"]

1. e4 e5 2. Nf3 Nc6 3. Bc4 Nf6 4. d3 Bc5 5. c3 d6 6. Nbd2 a5 7. Bb3 Ba7 8. O-O O-O 9. Re1 Ne7 10. d4 Ng6 11. Nf1 c6 12. Ng3 h6 13. Be3 Re8 14.
dxe5 dxe5 15. Bxa7 Rxa7 16. Qxd8 Rxd8 17. Rad1 Re8 18.
Nf5 a4 19. Bc2 Be6 20. a3 Raa8 21. Nd6 Re7 22. c4 Ne8 23. c5 f6 24. Rd2 Nxd6 25. Rxd6 Kf7 26. g3 Ra5 27. Nd2 Nf8 28. f4 exf4 29. gxf4 Rxc5 30. Bxa4 b5 31. Bd1 Rc1 32. Bh5+ g6 33. Bxg6+ Nxg6 34. Rxc1 Nxf4 35. Rcxc6 Ke8 36. Nf3 Bd7 37. Ra6 Rg7+ 38. Kf2 Rg2+ 39. Ke3 Ng6 40. Rxf6 Ne7 41. Ra8+ Nc8 42. Ne5 1-0

[Event "Late-Titled-Tuesday-Blitz-February-20-2024"]
[Site "Chess.com"]
[Date "2024.02.20"]
[Round "9"]
[White "IngOscarArdila"]
[Black "Laico"]
[Result "1-0"]
[WhiteElo "2279"]
[BlackElo "2367"]
[TimeControl "180+1"]
[EndTime "15:44:26 PST"]
[Termination "IngOscarArdila won on time"]

1. d4 e6 2. c4 f5 3. Nc3 b6 4.
Nf3 Bb4 5. Bd2 Bb7 6. e3 Nf6 7. Be2 O-O 8. O-O d6 9. a3 Bxc3 10. Bxc3 Nbd7 11. Rc1 Qe8 12. b4 Qg6 13. c5 Ne4 14. Be1 bxc5 15. dxc5 Ne5 16. Nxe5 dxe5 17. c6 Bc8 18. b5 Nd6 19. Bb4 Rd8 20. Qc2 e4 21.
Rfd1 e5 22. Qb2 Qf6 23. a4 Rb8 24. Qa3 Nf7 25. Be7 Rxd1+ 26. Rxd1 Qg6 27. Bc4 Be6 28. Qb3 Bxc4 29. Qxc4 f4 30. Rd7 Kh8 31. Qd5 f3 32. g3 Qf5 33. Qc4 a6 34. Rxc7 axb5 35.
axb5 h6 36. Rb7 Ra8 37. Qf1 Qe6 38. h3 Ra2 39. Bc5 Rc2 40. Rb8+ Kh7 41. Bb4 Qb3 42. Be7 1-0

[Event "Late-Titled-Tuesday-Blitz-February-20-2024"]
[Site "Chess.com"]
[Date "2024.02.20"]
[Round "9"]
[White "howitzer14"]
[Black "NtcPou"]
[Result "1-0"]
[WhiteElo "2985"]
[BlackElo "2006"]
[TimeControl "180+1"]
[EndTime "15:44:26 PST"]
[Termination "howitzer14 won on time"]

1. d4 d5 2. Bf4 c5 3. e3 Nc6 4.
c3 Qb6 5. Qb3 c4 6. Qc2 Bf5 7.
Qc1 Nf6 8. h3 h6 9. Nd2 e6 10.
b3 cxb3 11. axb3 Rc8 12. Qb2 Be7 13. Ngf3 O-O 14. Be2 Ne4 15. Nxe4 Bxe4 16. O-O a6 17. Rfc1 Na5 18. Nd2 g5 19. Bg3 Bg6 20. b4 Nc6 21. Nb3 Na7 22. Qd2 Bd6 23. Nc5 Rfd8 24. Bd3 Bxg3 25. fxg3 e5 26. Bxg6 Qxg6 27. Nxb7 Rd7 28. Nc5 Re7 29. Rxa6 Qh5 30. g4 Qh4 31. Qf2 Qxf2+ 32.
Kxf2 Nb5 33. Rxh6 Kg7 34. Rb6 Nc7 35. Ra1 Rce8 36. Ra2 exd4 37. exd4 Re3 38. Rb7 Ne6 39. Raa7 Nxc5 40. Rxf7+ Kg6 41. Rg7+ Kf6 42. Raf7+ Ke6 43. Kxe3 1-0

[Event "Late-Titled-Tuesday-Blitz-February-20-2024"]
[Site "Chess.com"]
[Date "2024.02.20"]
[Round "9"]
[White "ural58"]
[Black "OverallStranger"]
[Result "0-1"]
[WhiteElo "2475"]
[BlackElo "2369"]
[TimeControl "180+1"]
[EndTime "15:44:31 PST"]
[Termination "OverallStranger won on time"]

1. e4 e6 2. d4 d5 3. Nc3 Nf6 4. Bg5 Bb4 5. e5 h6 6. exf6 hxg5 7. fxg7 Rg8 8. a3 Bxc3+ 9. bxc3 Qf6 10. h4 gxh4 11. Qh5 Qxg7 12. Nf3 Nc6 13. Bb5 Bd7 14. Bxc6 Bxc6 15. Ne5 O-O-O 16. Rh2 Be8 17. Qxh4 f6 18.
Nd3 Ba4 19. Qh3 Bxc2 20. Qxe6+ Kb8 21. Kd2 Bxd3 22. Kxd3 Qg6+ 23. Kd2 Rge8 24. Qh3 Qg5+ 25.
Kd3 Qf4 26. Qh4 Qf5+ 27. Kd2 Re4 28. Qg3 Rde8 29. Qf3 Qg5+ 30. Kd3 Qg6 31. Kd2 a6 32. Rah1 Qg5+ 33. Kd3 Qg6 34. Kd2 Re2+ 35. Qxe2 Rxe2+ 36. Kxe2 Qc2+ 37. Kf3 Qxc3+ 38. Kg4 Qxd4+ 39. f4 Qd3 40.
Rh3 Qg6+ 41. Kf3 Qe4+ 42. Kg4 Qxg2+ 43. Kf5 Qe4+ 44. Kg4 d4 45. R1h2 d3 46. Rg3 Qe6+ 0-1

[Event "Late-Titled-Tuesday-Blitz-February-20-2024"]
[Site "Chess.com"]
[Date "2024.02.20"]
[Round "9"]
[White "Zkid"]
[Black "AlexTruskavetsky"]
[Result "1-0"]
[WhiteElo "2935"]
[BlackElo "2737"]
[TimeControl "180+1"]
[EndTime "15:44:34 PST"]
[Termination "Zkid won on time"]

1. e4 c5 2. Nf3 Nc6 3. Bb5 g6 4. O-O Bg7 5. c3 e5 6. Re1 Nge7 7. d3 O-O 8. Nbd2 a6 9. Ba4 b5 10. Bb3 d6 11. Nf1 h6 12. a4 Rb8 13. axb5 axb5 14. Ne3 Kh8 15. Nd5 Nxd5 16. Bxd5 Ne7 17. Bb3 f5 18. Bc2 f4 19. d4 g5 20. dxe5 dxe5 21. Qe2 Be6 22. Rd1 Qb6 23. b3 Ng6 24. Bb2 g4 25.
Ne1 f3 26. Qe3 fxg2 27. Nxg2 Rf3 28. Qe1 Rbf8 29. Rd2 h5 30. Rad1 Qb7 31. Rd6 Qf7 32.
R1d2 Bh6 33. Re2 Qe7 34. Rb6 h4 35. c4 bxc4 36. bxc4 h3 37. Ne3 Bg7 38. Nf5 Bxf5 39. exf5 Nh4 40. Rxe5 Bxe5 41. Bxe5+ Kg8 42. Rh6 Re8 43.
Rh8+ Kf7 44. Rh7+ Kg8 45. Rxe7 Rxe7 46. Qe4 Kh7 47. f6+ 1-0

[Event "Late-Titled-Tuesday-Blitz-February-20-2024"]
[Site "Chess.com"]
[Date "2024.02.20"]
[Round "9"]
[White "ahkashefi2800"]
[Black "stollenmonster"]
[Result "1/2-1/2"]
[WhiteElo "2576"]
[BlackElo "2859"]
[TimeControl "180+1"]
[EndTime "15:44:35 PST"]
[Termination "Game drawn - insufficient material"]

1. d4 Nf6 2. Nf3 e6 3. g3 d5 4.
Bg2 Be7 5. O-O O-O 6. c4 Ne4 7.
cxd5 exd5 8. Nc3 f5 9. Ne5 c6 10. f3 Nxc3 11. bxc3 Nd7 12. Nd3 Nb6 13. Bf4 Nc4 14. Ne5 Be6 15. Nxc4 dxc4 16. e4 fxe4 17. fxe4 Qd7 18. Rb1 Rad8 19. d5 Bc5+ 20. Kh1 cxd5 21. exd5 Bxd5 22. Qxd5+ Qxd5 23. Bxd5+ Rxd5 24. Rxb7 g5 25. Rf3 gxf4 26. gxf4 Rd1+ 27. Kg2 Rg1+ 28. Kh3 Rg7 29. Rg3 Rg6 30. Rc7 Rf5 31. a4 a5 32. Kg2 Bd6 33. Rxc4 Rxf4 34. Rxg6+ hxg6 35. Rc6 Bf8 36. Rxg6+ Kf7 37. Rc6 Rxa4 38. Kf3 Ra1 39. h4 a4 40. Ra6 a3 41. Ra7+ Ke6 42. Ra6+ Kd5 43. Ra8 Bc5 44. Kg2 Kc4 45. h5 Ra2+ 46. Kh1 Rd2 47. h6 Rd3 48. Kg2 Rxc3 49. h7 Bd4 50.
Ra4+ Kb3 51. Rxd4 Rc8 52. Rd3+ Ka4 53. Rd4+ Kb5 54. Rd5+ Kb4 55. Rd4+ Kc3 56. Ra4 Kb3 57. Ra7 a2 58. Kg3 Rh8 59. Rb7+ Kc2 60. Rc7+ Kd3 61.
Rd7+ Kc3 62. Rc7+ Kb3 63. Rb7+ Ka3 64. Ra7+ Kb2 65. Rb7+ Kc1 66. Rc7+ Kd2 67. Ra7 Rxh7 68. Rxa2+ Ke3 69. Ra3+ Ke4 70. Ra4+ Ke3 71. Ra3+ Ke2 72. Ra2+ Kd3 73. Ra3+ Kd4 74. Ra4+ Kd5 75. Rh4 Rg7+ 76.
Rg4 Rxg4+ 77. Kxg4 1/2-1/2

[Event "Late-Titled-Tuesday-Blitz-February-20-2024"]
[Site "Chess.com"]
[Date "2024.02.20"]
[Round "9"]
[White "Alex_Sahakyan2006"]
[Black "platy3"]
[Result "1-0"]
[WhiteElo "2843"]
[BlackElo "2943"]
[TimeControl "180+1"]
[EndTime "15:44:38 PST"]
[Termination "Alex_Sahakyan2006 won on time"]

1. e4 c5 2. Nc3 e6 3. Nf3 Nc6 4. Bb5 Nd4 5. O-O a6 6. Bd3 Nc6 7.
Nd5 Nf6 8. Re1 d6 9. Ne3 Be7 10. c3 b5 11. Bc2 Bb7 12. b3 O-O 13. Bb2 Rc8 14. a4 Ne5 15. axb5 axb5 16. d3 Qb6 17. c4 Nfd7 18. Nxe5 Nxe5 19. Ng4 bxc4 20. dxc4 Rfd8 21. Re3 Nxg4 22. Qxg4 e5 23. Rg3 Bf8 24. f4 Qc7 25.
Rf1 Bc6 26. Qh5 Re8 27. Rgf3 f6 28. Rh3 h6 29. Rg3 Kh8 30. f5 Qb7 31. Qg4 Qf7 32. Bc1 Rb8 33. Bxh6 gxh6 34. Qh4 Bg7 35. Bd1 Rg8 36.
Bh5 Qf8 37. Bg6 Be8 38. Qh5 Bxg6 39. fxg6 Rb7 40. Qf5 Qc8 41. Qh5 Qb8 42. Rff3 Ra7 43. h4 Ra1+ 44. Kh2 Re1 45. Rxf6 Rxe4 46. Rf7 Qd8 47.
Qxh6+ 1-0

[Event "Late-Titled-Tuesday-Blitz-February-20-2024"]
[Site "Chess.com"]
[Date "2024.02.20"]
[Round "9"]
[White "sansanathalia"]
[Black "rcmz"]
[Result "0-1"]
[WhiteElo "2363"]
[BlackElo "2204"]
[TimeControl "180+1"]
[EndTime "15:44:38 PST"]
[Termination "rcmz won on time"]

1. e4 a6 2. Nf3 e6 3. d4 b5 4. Nc3 Bb7 5. a3 c5 6. dxc5 Bxc5 7. Bd3 Nc6 8. O-O Qc7 9. b4 Be7 10. Ne2 Nf6 11. Bb2 d6 12. Ng3 h6 13. c4 bxc4 14.
Bxc4 Nxb4 15. Bxe6 fxe6 16. axb4 Qb6 17. Nd4 d5 18.
exd5 Bxd5 19. b5 a5 20. Bc3 O-O 21. Nh5 Nxh5 22. Qxh5 Bf6 23. Qd1 Rfc8 24. Bb2 Rd8 25. Qd2 Bxg2 26. Kxg2 Bxd4 27. Rfd1 Qb7+ 28. f3 Bf6 29.
Qc2 Rdc8 30. Qb3 a4 31. Qxe6+ Qf7 32. Qxf7+ Kxf7 33. Bxf6 Kxf6 34. b6 Rab8 35. Rdb1 Rc6 36. b7 Rc7 37. Rb6+ Kf7 38. Rab1 a3 39. Ra1 a2 40.
Rxa2 Rcxb7 41. Rxb7+ Rxb7 42. Rc2 Rb4 43. Kg3 Kf6 44. Rc7 g5 45. Rc6+ Kg7 46. Rd6 h5 47. Rd5 Kg6 48. Rd6+ Kg7 49. Rd5 Kg6 50. Ra5 h4+ 51.
Kh3 Rf4 52. Kg2 Kh5 53. Ra8 Rb4 54. Rh8+ Kg6 55. Kh3 Kg7 56. Rc8 Kg6 57. Rg8+ Kf6 58. Kg2 Kf5 59. Kh3 Kf6 60. Rf8+ Kg6 61. Rf5 Kxf5 62.
Kg2 Kf4 63. Kh3 Rb3 64. Kg2 Rxf3 65. h3 g4 66. Kh2 g3+ 67. Kg2 Rf2+ 68. Kg1 Kf3 0-1

[Event "Late-Titled-Tuesday-Blitz-February-20-2024"]
[Site "Chess.com"]
[Date "2024.02.20"]
[Round "9"]
[White "Taran2004"]
[Black "laziestwin"]
[Result "1/2-1/2"]
[WhiteElo "2439"]
[BlackElo "2552"]
[TimeControl "180+1"]
[EndTime "15:44:39 PST"]
[Termination "Game drawn by repetition"]

1. e4 d6 2. d4 Nf6 3. Nc3 g6 4. Nf3 Bg7 5. Bc4 O-O 6. O-O Nxe4 7. Bxf7+ Rxf7 8. Nxe4 Bg4 9. Neg5 Rf8 10. h3 Bf5 11. Qe2 e5 12. dxe5 h6 13. Ne4 dxe5 14. Rd1 Qe7 15. Nc3 c6 16. Be3 Nd7 17. Qd2 Kh7 18. Qd6 Rae8 19. Qxe7 Rxe7 20. Rd2 Bxh3 21. Rad1 Bg4 22.
Ne4 Nf6 23. Nxf6+ Rxf6 24. Re1 b6 25. Nh2 Be6 26. a3 Rff7 27. Nf1 Rd7 28. Red1 Rd5 29. c4 Rxd2 30. Nxd2 Rd7 31. b3 Bf8 32. a4 Bb4 33. Kf1 Bf5 34. Ke2 Bd3+ 35. Kf3 Bc2 36. Rc1 Bd3 37.
Nb1 e4+ 38. Kg3 Bd6+ 39. Kh3 Bxb1 40. Rxb1 Bc5 41. Bxc5 bxc5 42. Re1 Kg7 43. Kg4 Kf6 44.
Rxe4 Rd3 45. Re8 Rxb3 46. Rc8 Rb4 47. Rxc6+ Kg7 48. Rxc5 Rxa4 49. Kf4 a5 50. Ke5 g5 51. f4 gxf4 52. Kxf4 Ra2 53. g4 a4 54. Ra5 a3 55.
Ra7+ Kf6 56. Ra6+ Kg7 57. Ra7+ Kg6 58. Ra6+ Kf7 59. Ra7+ Kg8 60. Ra8+ Kg7 61. Ra7+ 1/2-1/2

[Event "Late-Titled-Tuesday-Blitz-February-20-2024"]
[Site "Chess.com"]
[Date "2024.02.20"]
[Round "9"]
[White "s-dshubin"]
[Black "JaackCamel"]
[Result "1-0"]
[WhiteElo "2357"]
[BlackElo "2178"]
[TimeControl "180+1"]
[EndTime "15:44:39 PST"]
[Termination "s-dshubin won on time"]

1. e4 e6 2. d4 d5 3. Nc3 Bb4 4. exd5 exd5 5. Bd3 Nf6 6. Ne2 O-O 7. O-O c6 8. Bg5 Bg4 9. f3 Be6 10. Ng3 Nbd7 11.
Nce2 Be7 12. Nf4 Bd6 13. Nf5 Bxf5 14. Bxf5 Qc7 15. Qd2 Rae8 16. Bxd7 Nxd7 17. Nh5 Bxh2+ 18. Kh1 Bd6 19. f4 f6 20. Bh4 Re4 21. Rae1 Rfe8 22.
Rxe4 Rxe4 23. Kg1 Kf7 24. c3 Nb6 25. Qd1 Bxf4 26. Nxf4 Rxf4 27. Qh5+ Kf8 28. Re1 Re4 29. Rf1 Nd7 30. Qxh7 Qd6 31. Qh8+ Kf7 32. Qh5+ Kg8 33.
Rf3 Qe6 34. Rh3 Rg4 35. Bf2 Nf8 36. Re3 Re4 37. Rh3 Rg4 38. Qh8+ Kf7 39. Re3 Re4 40.
Qh5+ Kg8 41. Rg3 Qe7 42. Qh6 Ne6 43. Qg6 Nf4 44. Qf5 Ne2+ 45. Kh2 Nxg3 46. Bxg3 Qe6 47.
Qg6 Qe8 48. Qf5 Qe6 49. Qh7+ 1-0

[Event "Late-Titled-Tuesday-Blitz-February-20-2024"]
[Site "Chess.com"]
[Date "2024.02.20"]
[Round "9"]
[White "Mr_Heisenberg13"]
[Black "GMBenjaminBok"]
[Result "1-0"]
[WhiteElo "2875"]
[BlackElo "2989"]
[TimeControl "180+1"]
[EndTime "15:44:41 PST"]
[Termination "Mr_Heisenberg13 won by resignation"]

1. d4 Nf6 2. c4 e6 3. Nf3 b6 4.
g3 Ba6 5. Qc2 c5 6. d5 exd5 7.
cxd5 Bb7 8. Bg2 Nxd5 9. O-O Nc6 10. Rd1 Be7 11. Qf5 Nf6 12. e4 g6 13. Qf4 O-O 14.
e5 Nh5 15. Qc4 Re8 16. Nc3 Na5 17. Qe2 Ng7 18. Nd5 Ne6 19. Bh6 Nc6 20. Rac1 Rb8 21. h4 Ncd4 22. Nxd4 Nxd4 23. Qc4 b5 24. Qd3 d6 25. exd6 Bxd5 26. dxe7 Rxe7 27. Rxc5 Bxg2 28. Kxg2 Ne6 29. Qxd8+ Nxd8 30. Rxb5 Ra8 31. Rbd5 Ne6 32. Rd7 Rae8 33. Rxe7 Rxe7 34. Rd6 f6 35. Be3 Kf7 36. Ra6 Re8 37. Rxa7+ Kg8 38. b4 Rb8 39. a3 g5 40.
hxg5 fxg5 41. g4 h6 42. Kf3 Nd8 43. b5 Rxb5 44. Ra8 Rd5 45. Bb6 Kf7 46. Rxd8 Rb5 47. Be3 Ra5 48. Rd3 Ra4 49. Bd2 Ke6 50.
Bb4 Kf7 51. Rd7+ Kg6 52. Rd6+ Kh7 53. Ke4 Ra8 54. f4 Re8+ 55. Kf3 gxf4 56. Kxf4 Rc8 57. Rd4 Kg6 58. a4 Rc1 59. a5 Ra1 60. Ke5 Ra4 61.
Kd5 Ra2 62. Kc6 h5 63. gxh5+ Kxh5 64. Kb5 Kg6 65. a6 Kf5 66. Ba5 Rc2 67. a7 Rc8 68. Rd8 1-0

[Event "Late-Titled-Tuesday-Blitz-February-20-2024"]
[Site "Chess.com"]
[Date "2024.02.20"]
[Round "9"]
[White "rdarruda"]
[Black "KorolDimitriy75"]
[Result "0-1"]
[WhiteElo "2523"]
[BlackElo "2430"]
[TimeControl "180+1"]
[EndTime "15:44:41 PST"]
[Termination "KorolDimitriy75 won by resignation"]

1. d4 Nf6 2. Nf3 g6 3. Nc3 d5 4.
Bg5 Bg7 5. Bxf6 Bxf6 6. e4 dxe4 7.
Nxe4 Bg7 8. Bc4 O-O 9. O-O e6 10. Qe2 h6 11. Rad1 c6 12. Rfe1 Kh7 13. c3 Nd7 14.
Nd6 Qc7 15. Ne4 b6 16. h4 Nf6 17. Nxf6+ Bxf6 18. h5 g5 19. Bd3+ Kg7 20. Qe4 Rh8 21.
Ne5 Bb7 22. f4 c5 23. Qe3 cxd4 24. cxd4 Rad8 25. Bb1 Qd6 26. fxg5 hxg5 27. Qe2 Qd5 28. Ng4 Rxh5 29. Nxf6 Kxf6 30. Rf1+ Kg7 31. Rxf7+ Kxf7 32.
Qxh5+ Ke7 33. Qg4 Rf8 34. Re1 Rf4 35. Qg3 Qxd4+ 36. Qe3 Kd6 37. g3 Qxe3+ 38. Rxe3 Rd4 39. Bd3 Bd5 40. a3 e5 41. Kf2 e4 42. Be2 Rd2 43. b3 Ke5 44. Rc3 Kd4 45. Rc7 Bxb3 46. Rd7+ Bd5 47.
Rxa7 e3+ 48. Ke1 Ra2 49. Ra4+ Kc3 50. Rb4 Ra1+ 51. Bd1 Bf3 52. Rb3+ Kd4 53. Rb4+ Kc5 0-1

[Event "Late-Titled-Tuesday-Blitz-February-20-2024"]
[Site "Chess.com"]
[Date "2024.02.20"]
[Round "9"]
[White "vugarrasulov"]
[Black "GnowReopard"]
[Result "1-0"]
[WhiteElo "2941"]
[BlackElo "2824"]
[TimeControl "180+1"]
[EndTime "15:44:45 PST"]
[Termination "vugarrasulov won by resignation"]

1. e4 e6 2. d4 d5 3. exd5 exd5 4. Nf3 Bd6 5. c4 Nf6 6. c5 Be7 7. Bd3 O-O 8. O-O Bg4 9. h3 Bh5 10. Be3 b6 11. cxb6 axb6 12. Nc3 Nbd7 13. Be2 c6 14. Rc1 Bd6 15. a4 Re8 16. Re1 Qb8 17. Nh4 Bxe2 18. Rxe2 g6 19. Nf3 Qb7 20. Bh6 Rxe2 21. Qxe2 Re8 22. Qd3 Ne4 23. Nxe4 dxe4 24. Qe2 Nf6 25. Nd2 c5 26. Nc4 Bb8 27. dxc5 bxc5 28. Rd1 Qa6 29.
b3 Qe6 30. Qe3 Qf5 31. Qc3 Bc7 32. a5 Re6 33. g4 Qf3 34. Qxf3 exf3 35. Be3 h5 36.
gxh5 Nxh5 37. Ra1 Ra6 38. Bxc5 Nf4 39. b4 Nxh3+ 40. Kf1 Re6 41. a6 Bb8 42. b5 Re4 43. b6 Rg4 44. Ke1 Rg1+ 45. Kd2 Rxa1 46. a7 Bxa7 47. bxa7 Nf4 48. Na3 Ra2+ 49. Kd1 Ra1+ 50.
Kc2 Ra2+ 51. Kb3 Rxa3+ 52. Bxa3 1-0

[Event "Late-Titled-Tuesday-Blitz-February-20-2024"]
[Site "Chess.com"]
[Date "2024.02.20"]
[Round "9"]
[White "Happy1712Drummer"]
[Black "Jaka_Brilej"]
[Result "1-0"]
[WhiteElo "2376"]
[BlackElo "2493"]
[TimeControl "180+1"]
[EndTime "15:44:45 PST"]
[Termination "Happy1712Drummer won by checkmate"]

1. e4 e5 2. Nf3 Nc6 3. Bc4 Nf6 4. d3 Bc5 5. c3 d6 6. Nbd2 a5 7. h3 h6 8. Nf1 Ba7 9. Ng3 Be6 10. Bb5 Bd7 11.
Ba4 Ne7 12. Bc2 c6 13. O-O g5 14. d4 Qc7 15. Be3 g4 16. dxe5 dxe5 17. Bxa7 Rxa7 18. hxg4 Bxg4 19. Qd3 Ng6 20. Qe3 Ra8 21. Nf5 Nf4 22. Qc5 Bxf5 23. exf5 Rg8 24. g3 N4d5 25. Rfe1 Nd7 26.
Qc4 f6 27. Rad1 N7b6 28. Qh4 Rd8 29. c4 Nb4 30. Qxf6 Nxc4 31. Rxd8+ Qxd8 32. Qe6+ Qe7 33. Qxg8+ Kd7 34. Qxc4 e4 35. Nd4 Kc7 36. Ne6+ Kb8 37.
Bxe4 h5 38. Qc5 Qf6 39. Qxa5 Nd5 40. Bxd5 cxd5 41. Qd8+ Qxd8 42. Nxd8 Kc7 43. Nf7 d4 44. Ng5 Kc6 45. f6 Kd5 46. f7 Kc4 47. f8=Q Kd3 48.
Qf3+ Kc4 49. Rc1+ Kb5 50. Qb3+ Ka6 51. Rc4 b6 52. Rb4 Kb7 53. Rxb6+ Kc7 54. Qb5 Kd8 55. Qc6 Ke7 56. Rb7+ Kf8 57. Qc8# 1-0

[Event "Late-Titled-Tuesday-Blitz-February-20-2024"]
[Site "Chess.com"]
[Date "2024.02.20"]
[Round "9"]
[White "jk13"]
[Black "thesupera12"]
[Result "1-0"]
[WhiteElo "2692"]
[BlackElo "2483"]
[TimeControl "180+1"]
[EndTime "15:44:47 PST"]
[Termination "jk13 won on time"]

1. e4 d5 2. exd5 Qxd5 3. Nc3 Qa5 4. d4 Nf6 5. Bc4 Bg4 6. f3 Bh5 7. Ne2 Nc6 8. d5 O-O-O 9. Bd2 Ne5 10. Bb3 Bxf3 11.
gxf3 Nxf3+ 12. Kf1 e6 13. Ne4 Qa6 14. Nxf6 gxf6 15.
Kf2 Ne5 16. Nc3 Bc5+ 17. Be3 Qb6 18. Bxc5 Qxc5+ 19. Kf1 Rhg8 20. Qe2 Rg5 21. Ne4 Rf5+ 22.
Ke1 Qa5+ 23. c3 exd5 24. Ng3 Rf3 25. Rd1 d4 26. Rf1 Re3 27. Rxd4 Rxe2+ 28. Nxe2 Rxd4 29.
Nxd4 Nd3+ 30. Kd2 Nxb2 31. Kc2 Na4 32. Rf3 Nc5 33. Rf5 Qb6 34. Bxf7 Ne4 35. Bd5 Nd6 36. Rxf6 Qa5 37. Rf8+ Kd7 38. Be6+ Ke7 39. Rh8 Qa4+ 40.
Kb2 Qa6 41. Rxh7+ Kf6 42. Rh6+ Kg5 43. Rh8 Qb6+ 44. Kc2 Qa6 45. Rg8+ Kf6 46. h4 Qa4+ 47. Kb2 Qa5 48. Rg5 Qb6+ 49. Bb3 1-0

[Event "Late-Titled-Tuesday-Blitz-February-20-2024"]
[Site "Chess.com"]
[Date "2024.02.20"]
[Round "9"]
[White "Sanan_Sjugirov"]
[Black "MagnusCarlsen"]
[Result "0-1"]
[WhiteElo "2886"]
[BlackElo "3327"]
[TimeControl "180+1"]
[EndTime "15:44:48 PST"]
[Termination "MagnusCarlsen won on time"]

1. e4 c5 2. Nf3 g6 3. d4 Bg7 4. c4 d6 5. Nc3 Bg4 6. dxc5 dxc5 7.
Qxd8+ Kxd8 8. Be3 Bxc3+ 9. bxc3 b6 10. Ne5 Be6 11. a4 a5 12. Be2 f6 13. Nd3 Bxc4 14. Nf4 Bxe2 15. Kxe2 Nd7 16. Rhd1 Kc7 17. Ne6+ Kc6 18.
Ra2 h5 19. Rad2 Nf8 20. Nd8+ Kc7 21. e5 g5 22. f4 g4 23. f5 fxe5 24. Nf7 Rh7 25.
Nxe5 Nf6 26. Bf4 Kb7 27. Nc4 Ne4 28. Rd3 Rf7 29. Re3 Nf6 30. Red3 Ne8 31. Be5 Rxf5 32.
Rb1 Ra6 33. Rd8 Nc7 34. Rbd1 Ng6 35. Bxc7 Kxc7 36. R1d7+ Kc6 37. Na3 Ra8 38. Nb5 Rxd8 39. Rxd8 Nf4+ 40. Kf2 Nd5+ 41. Kg3 Re5 42. Rc8+ Kd7 43.
Rb8 Nxc3 0-1

[Event "Late-Titled-Tuesday-Blitz-February-20-2024"]
[Site "Chess.com"]
[Date "2024.02.20"]
[Round "9"]
[White "prime-morty"]
[Black "Mikhal867"]
[Result "0-1"]
[WhiteElo "2548"]
[BlackElo "2448"]
[TimeControl "180+1"]
[EndTime "15:44:48 PST"]
[Termination "Mikhal867 won by checkmate"]

1. c4 c5 2. Nc3 Nf6 3. g3 d5 4. cxd5 Nxd5 5. Bg2 Nc7 6. d3 e5 7.
Be3 Be7 8. Rc1 O-O 9. Na4 Nd5 10.
Bxc5 Be6 11. Bxe7 Qxe7 12. Nc5 Nc6 13. Nxe6 Qxe6 14. Nf3 Rad8 15. O-O Rfe8 16. a3 e4 17. Ng5 Qg4 18. Nxe4 f5 19. Bf3 Qg6 20. Nc3 Nf4 21. Kh1 Nh3 22. Qb3+ Kh8 23. Qxb7 Nd4 24. Bg2 Qh6 25. e3 Ne6 26. d4 Neg5 27. Ne2 Ne4 28. Bxe4 fxe4 29. Nf4 Ng5 30. Rc6 g6 31. Kg2 Nf3 32.
h3 Qg5 33. Rc7 Qh6 34. Rfc1 Rf8 35. Rf7 Rxf7 36. Qxf7 Rf8 37. Qe7 g5 38. Qe5+ Nxe5 39. dxe5 gxf4 40. exf4 Qh5 41. Rc3 e3 42. Rxe3 Qf5 43.
b4 Qc2 44. e6 Qc6+ 45. Kg1 Kg7 46. g4 Kf6 47. f5 Kg5 48. Kh2 h5 49. Kg3 hxg4 50.
hxg4 Qc7+ 51. Kf3 Qf4+ 52. Kg2 Kf6 53. Rg3 Re8 54. f3 Kg5 55. Rh3 Qd2+ 56. Kg3 Qd6+ 57.
Kg2 Kf4 58. Rh1 Qd2+ 59. Kg1 Kg3 60. Kf1 Qf2# 0-1

[Event "Late-Titled-Tuesday-Blitz-February-20-2024"]
[Site "Chess.com"]
[Date "2024.02.20"]
[Round "9"]
[White "rhungaski"]
[Black "Mops_2004"]
[Result "0-1"]
[WhiteElo "2600"]
[BlackElo "2790"]
[TimeControl "180+1"]
[EndTime "15:44:50 PST"]
[Termination "Mops_2004 won by resignation"]

1. e4 g6 2. d4 Bg7 3. Nc3 d6 4. Be3 a6 5. Qd2 b5 6. h4 h6 7.
O-O-O Bb7 8. f3 Nd7 9. Nh3 e6 10.
Nf4 Ne7 11. g4 c5 12. dxc5 dxc5 13. g5 hxg5 14. Nxe6 fxe6 15. Bxg5 Ne5 16. Qg2 Qb6 17. h5 Nf7 18. Bxe7 Kxe7 19. hxg6 Rxh1 20. Qxh1 Rh8 21.
Qg2 Nd6 22. f4 b4 23. Na4 Qa5 24. Qg5+ Bf6 25. Qxc5 Qxc5 26. Nxc5 Bxe4 27. Rxd6 Kxd6 28. Nxe4+ Ke7 29. Bxa6 Rh1+ 30. Kd2 Bxb2 31. Bd3 Bc1+ 32. Ke2 Bxf4 33. Nc5 Kd6 34. Nb3 Kd5 35. Kf3 e5 36. Be4+ Kd6 37. Na5 Rg1 38. Nc4+ Kc5 39. Na5 Kd4 40.
Nb3+ Kc3 41. Kf2 Rg3 42. Nc5 Rg4 43. Nd3 Rg5 44. Kf3 Bd2 45. Ke2 Rg4 46. Bf3 Rg3 47. Nxe5 Rg5 48. Nd3 Rxg6 49. Be4 Re6 50. Kf3 Kd4 51.
Nb2 Rxe4 0-1

[Event "Late-Titled-Tuesday-Blitz-February-20-2024"]
[Site "Chess.com"]
[Date "2024.02.20"]
[Round "9"]
[White "Alphafischer2019"]
[Black "GiorgianBarbosa"]
[Result "1-0"]
[WhiteElo "2681"]
[BlackElo "2512"]
[TimeControl "180+1"]
[EndTime "15:44:50 PST"]
[Termination "Alphafischer2019 won by checkmate"]

1. Nf3 Nf6 2. g3 e6 3. Bg2 d5 4.
c4 Be7 5. cxd5 exd5 6. O-O O-O 7. d3 c5 8. Nbd2 Nc6 9. b3 Re8 10. Bb2 b6 11. Rc1 Bb7 12. a3 d4 13. Nxd4 cxd4 14. Bxc6 Bxc6 15. Rxc6 Bc5 16. b4 Bf8 17.
Nf3 Qd7 18. Rc4 Qe6 19. Nxd4 Qh3 20. Nf3 Ng4 21. Qd2 h5 22. Re1 Re6 23. Qg5 Rae8 24. e3 Rg6 25. Qh4 Qxh4 26. Nxh4 Rf6 27. Bxf6 Nxf6 28. Rec1 Re6 29. Rc8 g6 30. Ra8 a5 31. Rcc8 Nd7 32. Rd8 Rd6 33. d4 axb4 34.
axb4 Kg7 35. Nf3 Be7 36. Re8 Bf6 37. Rad8 b5 38. Ne5 Bxd8 39. Rxd8 Ra6 40. Rxd7 Ra1+ 41. Kg2 Rb1 42. Rxf7+ Kh6 43. Rf6 Rxb4 44. Rxg6+ Kh7 45.
Rg5 Rb1 46. Rxh5+ Kg7 47. Nd3 Kf6 48. Re5 b4 49. Nxb4 Rxb4 50. h4 Rb2 51. h5 Rb1 52.
g4 Rb8 53. g5+ Kg7 54. f4 Kh7 55. f5 Rf8 56. f6 Rb8 57. Re7+ Kh8 58. e4 Rb3 59. d5 Rc3 60. g6 Rc8 61. e5 Rd8 62. d6 Rf8 63. h6 Ra8 64. Rh7+ Kg8 65. f7+ Kf8 66. Rh8# 1-0

[Event "Late-Titled-Tuesday-Blitz-February-20-2024"]
[Site "Chess.com"]
[Date "2024.02.20"]
[Round "9"]
[White "CFalcons8"]
[Black "WilsonPalencia21"]
[Result "0-1"]
[WhiteElo "2420"]
[BlackElo "2546"]
[TimeControl "180+1"]
[EndTime "15:44:51 PST"]
[Termination "WilsonPalencia21 won by resignation"]

1. c4 c5 2. e4 g6 3. Nf3 Bg7 4. d4 d6 5. Nc3 Nf6 6. h3 O-O 7.
Be3 Qa5 8. Qc2 Nc6 9. a3 cxd4 10. Nxd4 Bd7 11. Be2 Rfc8 12. O-O Nxd4 13. Bxd4 Bc6 14. f3 Qd8 15. Qd2 Nd7 16. b4 Bxd4+ 17. Qxd4 Qb6 18. Qxb6 Nxb6 19. Rac1 a5 20. c5 axb4 21. axb4 dxc5 22. bxc5 Nd7 23. Bc4 Nxc5 24. Nd5 Bxd5 25. Bxd5 e6 26.
Bc4 b6 27. Rb1 Rab8 28. Rb4 Rd8 29. Rfb1 Rd4 30. Be2 Rxb4 31. Rxb4 Kf8 32. Kf2 e5 33. Ke3 Ke7 34. Bc4 f6 35. Bd5 Kd6 36. Rb5 f5 37. g4 f4+ 38. Kd2 Na6 39. Rb1 b5 40. Kc3 Kc5 41. Kb3 Kb6 42. h4 Rc8 43. h5 Rc7 44. hxg6 hxg6 45. Rh1 Nc5+ 46. Kb2 Nd3+ 47.
Kb3 b4 48. Bc4 Rd7 49. Rh6 Kc5 50. Rxg6 Nc1+ 51. Kc2 Kxc4 52. Kxc1 Rd3 53. Re6 Rxf3 54. Rxe5 Kc3 55. Rc5+ Kd4 56. Rb5 Kxe4 57. Rxb4+ Ke5 58.
Kd2 Rg3 59. Rb5+ Ke4 60. g5 Rg2+ 61. Ke1 Ke3 62. Rb3+ Ke4 63. Rb5 Kf3 64. Kf1 Rh2 65.
Rb3+ Kg4 66. Kg1 Rh5 67. Rb5 Kg3 68. g6 Rxb5 0-1

[Event "Late-Titled-Tuesday-Blitz-February-20-2024"]
[Site "Chess.com"]
[Date "2024.02.20"]
[Round "9"]
[White "Hrant_ChessMood"]
[Black "DarkAlekhine"]
[Result "1-0"]
[WhiteElo "3009"]
[BlackElo "2850"]
[TimeControl "180+1"]
[EndTime "15:44:52 PST"]
[Termination "Hrant_ChessMood won on time"]

1. Nf3 g6 2. e4 Bg7 3. d4 d6 4. Bc4 Nf6 5. Qe2 O-O 6. O-O c6 7. e5 Nd5 8. Bg5 h6 9. Bh4 Be6 10. Bxd5 cxd5 11. c3 Nc6 12. Nbd2 dxe5 13. Nxe5 Nxe5 14.
dxe5 d4 15. cxd4 g5 16. Bg3 Qxd4 17. Nf3 Qc4 18. Qe3 Bd5 19. Rfc1 Qe4 20. Qxe4 Bxe4 21. Rc7 e6 22. Re1 Bd5 23. h4 Rfc8 24. Rec1 Rxc7 25.
Rxc7 g4 26. Nh2 h5 27. Nf1 Bxa2 28. Bf4 Bd5 29. Ng3 a5 30. Nxh5 b5 31. Nf6+ Bxf6 32. exf6 b4 33. Bd6 Ra6 34. Rd7 Kh7 35. Rxf7+ Kg6 36. Rd7 Kxf6 37. Kh2 Rc6 38. Kg3 Rc2 39. Ra7 Rxb2 40. Rxa5 b3 41. Rb5 Rb1 42. Bf4 Bc4 43. Rb4 Bd5 44. h5 Rh1 45. h6 Rh5 46. Be3 Rf5 47.
Rxg4 Re5 48. Bd4 Kf5 49. Bxe5 Kxe5 50. h7 1-0